Map: Rainfall LE

Players

Serral - Winner!

  • Race: Zerg Zerg
  • League: Master

Reynor

  • Race: Zerg Zerg
  • League: Master

VOD

Have the link to the VOD?

Description

Time

  • Played on: July 5, 2026, 3:01 p.m.
  • Length: 10:03
Show
View Real Time Build Order
Export as new Build Order

Serral Zerg - Winner!

Build Orders: Pool First 

Get SALT Encoding   

  8  0:00  Drone  
  9  0:09  Drone  
  10  0:16  Drone  
  11  0:29  Overlord  
  11  0:32  Drone  
  12  0:47  Drone x2  
  14  0:50  Drone  
  15  1:00  Drone  
  16  1:06  Spawning Pool  
  16  1:10  Drone  
  16  1:19  Drone  
  17  1:35  Hatchery  
  17  1:37  Drone  
  17  1:39  Extractor  
  16  1:43  Drone  
  17  1:54  Queen  
  19  2:03  Overlord  
  19  2:04  Drone  
  20  2:13  Extractor, Drone  
  22  2:22  Drone  
  22  2:29  Drone  
  23  2:30  Queen  
  25  2:39  Drone  
  25  2:41  Metabolic Boost  
  26  2:47  Drone  
  27  2:51  Drone  
  27  2:57  Drone  
  29  2:59  Drone  
  29  3:05  Overlord  
  30  3:06  Drone x2  
  30  3:09  Extractor  
  30  3:10  Drone  
  33  3:17  Overlord  
  33  3:19  Roach Warren  
  32  3:22  Extractor, Drone  
  32  3:25  Drone  
  33  3:31  Drone  
  33  3:33  Drone  
  33  3:34  Drone, Overlord  
  36  3:38  Overlord  
  36  3:40  Drone  
  37  3:59  Roach x3  
  43  4:03  Roach x3  
  43  4:06  Evolution Chamber  
  43  4:08  Evolution Chamber  
  47  4:10  Roach  
  47  4:12  Roach  
  47  4:16  Baneling Nest  
  50  4:19  Roach  
  50  4:23  Roach  
  54  4:28  Zergling x6  
  58  4:32  Zergling x4  
  58  4:36  Overlord  
  58  4:38  Zergling x4  
  62  4:44  Zergling x4  
  64  4:50  Overlord  
  64  4:55  Zergling x6  
  64  4:57  Ravager x2  
  64  4:58  Zergling x2  
  70  5:03  Baneling x2  
  70  5:05  Baneling, Zergling x2  
  70  5:06  Zergling x2  
  72  5:12  Baneling  
  72  5:13  Zergling x12  
  78  5:20  Baneling  
  76  5:22  Zergling x4  
  76  5:25  Baneling x2  
  76  5:26  Zergling x2  
  73  5:32  Zergling x2  
  73  5:36  Zergling x2  
  73  5:39  Baneling x2  
  73  5:41  Zergling x2  
  74  5:46  Zergling x2  
  74  5:48  Zergling x2  
  74  5:50  Baneling  
  74  5:51  Baneling x2  
  74  5:56  Zergling x2  
  70  5:58  Zergling x2  
  70  6:02  Zergling x10  
  68  6:06  Zergling x4  
  68  6:09  Zergling x2  
  67  6:17  Zergling x2  
  60  6:21  Zergling x2, Hatchery  
  60  6:25  Baneling x2  
  59  6:27  Ravager x2  
  59  6:29  Zergling x4  
  59  6:32  Baneling  
  63  6:34  Zergling x2  
  63  6:38  Baneling  
  63  6:39  Baneling  
  64  6:40  Zergling x8  
  64  6:41  Zergling x2  
  62  6:57  Zerg Missile Weapons Level 1  
  62  6:58  Drone  
  62  6:59  Drone x3  
  66  7:04  Drone  
  66  7:08  Drone x5  
  71  7:11  Ravager  
  71  7:13  Overlord  
  73  7:17  Overlord  
  73  7:22  Drone x2  
  75  7:27  Extractor  
  74  7:30  Overlord  
  74  7:33  Roach x2  
  74  7:35  Queen  
  80  7:37  Drone  
  80  7:42  Roach x2  
  85  7:47  Roach x2  
  89  7:55  Roach x3  
  94  8:02  Overlord  
  94  8:03  Overlord  
  94  8:12  Roach x3  
  99  8:23  Roach x4  
  99  8:24  Roach x2  
  99  8:25  Overlord  
  111  8:31  Overlord  
  111  8:36  Roach x2  
  111  8:39  Overlord  
  115  8:45  Roach x4  
  120  8:53  Overlord  
  120  8:55  Roach x2  
  124  8:58  Roach x2  
  124  9:00  Ravager  
  124  9:02  Zergling x4  
  130  9:07  Zergling x6  
  133  9:12  Ravager  
  133  9:14  Zergling x8  
  133  9:15  Baneling  
  133  9:16  Baneling  
  138  9:23  Zergling x10  
  140  9:24  Ravager  
  140  9:30  Zergling x6  
  136  9:36  Zergling x2  
  136  9:37  Zergling x6  
  129  9:39  Zergling x4  
  129  9:42  Zergling x4  
  130  9:46  Zergling x4  
Show
View Real Time Build Order
Export as new Build Order

Reynor Zerg 

Build Orders: Hatch First 

Get SALT Encoding   

  8  0:00  Drone  
  9  0:10  Drone  
  10  0:16  Drone  
  11  0:22  Drone  
  12  0:32  Overlord  
  12  0:38  Extractor, Drone  
  13  0:50  Drone x2  
  15  1:10  Hatchery  
  14  1:13  Drone  
  14  1:17  Drone  
  16  1:21  Drone  
  17  1:35  Spawning Pool  
  17  1:37  Drone  
  17  1:41  Extractor  
  17  1:42  Drone  
  17  1:49  Drone  
  18  2:00  Drone  
  19  2:10  Overlord  
  19  2:19  Drone  
  19  2:22  Queen x2  
  24  2:28  Drone  
  24  2:29  Drone  
  26  2:32  Drone  
  27  2:39  Drone  
  27  2:41  Metabolic Boost  
  28  2:45  Drone  
  28  2:50  Overlord  
  29  2:54  Drone  
  30  2:59  Drone  
  30  3:02  Drone  
  32  3:09  Drone  
  33  3:14  Hatchery  
  33  3:17  Drone  
  33  3:19  Drone  
  34  3:23  Overlord  
  34  3:29  Baneling Nest  
  34  3:32  Drone x2  
  34  3:33  Drone  
  36  3:35  Zergling x2  
  36  3:38  Zergling x2  
  36  3:40  Drone  
  39  3:41  Zergling x2  
  39  3:44  Drone  
  39  3:46  Drone  
  42  3:53  Queen  
  44  3:56  Overlord  
  44  4:00  Zergling x2  
  45  4:03  Drone  
  45  4:06  Zergling x2  
  45  4:07  Evolution Chamber  
  45  4:08  Drone x2  
  48  4:13  Overlord  
  48  4:15  Drone x2  
  50  4:18  Zergling x2  
  50  4:21  Drone  
  52  4:27  Overlord  
  52  4:29  Drone  
  52  4:31  Zergling x2  
  52  4:36  Zergling x8  
  57  4:41  Spine Crawler  
  57  4:44  Spine Crawler  
  55  4:46  Zergling x2  
  55  4:50  Zergling x2  
  55  4:51  Roach Warren  
  55  4:52  Zergling x2  
  57  4:53  Zergling x2  
  57  4:55  Baneling x3  
  57  4:59  Zergling x4  
  60  5:01  Zergling x2  
  60  5:03  Baneling x2  
  60  5:06  Baneling  
  61  5:07  Overlord  
  61  5:08  Zergling x2  
  61  5:10  Baneling  
  61  5:11  Zergling x2  
  61  5:12  Baneling x2  
  63  5:15  Zergling x6  
  63  5:16  Zergling x4  
  63  5:20  Overlord  
  66  5:23  Zergling x4  
  66  5:33  Roach x2  
  66  5:34  Roach x2  
  74  5:38  Roach, Zergling x2  
  72  5:44  Zergling x2, Roach  
  72  5:49  Zergling x4  
  64  5:58  Roach, Zergling x6, Queen  
  65  6:09  Roach x2, Zergling x2  
  59  6:15  Zergling x2  
  59  6:16  Zergling x2  
  59  6:17  Zergling x2  
  53  6:22  Roach, Zergling x2  
  53  6:24  Zergling x2  
  55  6:26  Zergling x2  
  55  6:27  Zergling x2  
  57  6:35  Roach, Zergling x2  
  57  6:39  Roach  
  62  6:41  Queen  
  62  6:47  Zergling x4, Roach  
  62  6:54  Zergling x2  
  62  6:56  Extractor, Roach  
  62  6:57  Zergling x2  
  62  7:01  Queen  
  67  7:04  Zergling x2  
  67  7:05  Roach  
  67  7:08  Zergling x2  
  70  7:12  Zergling x6  
  73  7:16  Roach, Zergling x2  
  73  7:20  Drone  
  73  7:22  Drone  
  77  7:24  Evolution Chamber  
  77  7:29  Roach  
  77  7:31  Overlord  
  77  7:36  Overlord x2  
  77  7:48  Overlord  
  77  7:51  Drone x5  
  77  7:55  Overlord  
  77  7:56  Zerg Missile Weapons Level 1  
  77  7:57  Drone  
  83  8:01  Drone  
  83  8:03  Drone x2  
  85  8:05  Extractor  
  85  8:07  Roach  
  86  8:14  Roach x3  
  86  8:18  Roach, Zergling x2  
  95  8:29  Roach x3, Zergling x2  
  95  8:32  Overlord  
  102  8:40  Roach x3  
  108  8:42  Overlord  
  107  8:51  Roach x3  
  107  8:53  Drone  
  107  8:54  Drone  
  107  8:55  Zergling x2  
  116  8:59  Roach  
  115  9:03  Roach x3  
  115  9:07  Zergling x4  
  123  9:10  Overlord  
  123  9:15  Overlord  
  117  9:26  Zergling x8, Roach  
  117  9:27  Overlord  
  117  9:29  Overlord  
  116  9:34  Roach x2  
  116  9:36  Roach  
  109  9:43  Roach x3  
  109  9:44  Roach  
Tags
 
Add a new tag
Caveats
  • Supply blocks, unpowered buildings, or Contaminate may cause inaccurate times.
  • Supply counts are checked every 10 seconds.